 Dungeon Crawl Stone Soup version 0.23-a0-321-g6bcb69f058 (webtiles) character file.

157 G3Kappa the Skirmisher (level 5, 0/52 HPs)
             Began as a Hill Orc Monk on Oct 14, 2018.
             Slain by a gnoll
             ... wielding a cursed -1 spear
              (3 damage)
             ... on level 2 of the Dungeon.
             The game lasted 00:03:24 (2805 turns).

G3Kappa the Skirmisher (Hill Orc Monk)              Turns: 2805, Time: 00:03:24

Health: 0/52       AC:  3    Str: 15    XL:     5   Next: 38%
Magic:  5/5        EV: 12    Int: 10    God:
Gold:   57         SH:  0    Dex: 13    Spells: 4/4 levels left

rFire    . . .     SeeInvis .   a - +0 spear
rCold    + . .     Gourm    .   (no shield)
rNeg     . . .     Faith    .   h - +0 leather armour {rC+}
rPois    .         Spirit   .   (no helmet)
rElec    .         Reflect  .   (no cloak)
rCorr    .         Harm     .   (no gloves)
MR       .....                  (no boots)
Stlth    ++........             (no amulet)
HPRegen  0.17/turn              (no ring)
MPRegen  0.09/turn              (no ring)

@: no status effects
A: no striking features
a: no special abilities


You were on level 2 of the Dungeon.
You were not hungry.

You visited 1 branch of the dungeon, and saw 2 of its levels.

You collected 57 gold pieces.

Inventory:

Hand Weapons
 a - a +0 spear (weapon)
Armour
 h - a +0 leather armour of cold resistance (worn)
Jewellery
 o - an uncursed ring of positive energy {unknown}
Scrolls
 d - 2 scrolls of teleportation
 g - 5 scrolls of remove curse
 i - a scroll of magic mapping {unknown}
 k - a scroll of amnesia
 l - a scroll of enchant armour {unknown}
 n - a scroll of random uselessness {unknown}
Potions
 b - a potion of cancellation {unknown}
 e - a potion of haste {unknown}
 j - 2 potions of flight {unknown}
 m - a potion of might {unknown}
Comestibles
 c - 4 rations
 f - 2 chunks of flesh


   Skills:
 + Level 7.1 Fighting
 - Level 3.2 Polearms
 - Level 2.4 Dodging
 - Level 1.5 Stealth


You had 4 spell levels left.
You didn't know any spells.
Your spell library was empty.

Dungeon Overview and Level Annotations

Branches:
Dungeon (2/15)

Altars:
Trog


Message History

The gnoll is heavily wounded.
The gnoll barely misses you.
The gnoll hits you with a cursed -1 spear.
* * * LOW HITPOINT WARNING * * *
You hit the gnoll.
The gnoll is severely wounded.
The gnoll closely misses you.
You barely miss the gnoll.
The gnoll is severely wounded.
The gnoll barely misses you. x2
You barely miss the gnoll.
The gnoll is severely wounded.
The gnoll hits you with a cursed -1 spear.
* * * LOW HITPOINT WARNING * * *
The gnoll hits you.
* * * LOW HITPOINT WARNING * * *
You closely miss the gnoll.
The gnoll is severely wounded.
The gnoll hits you with a cursed -1 spear.
You die...

#....# . #....# .
#....# . ### ###....# #
#.# #..g...# ####
#.########.##'### #...
#....g.h...##.######._.
#g###########.g..g.hg..
#.#.!g@.# #########.#
#.#.###g# #.# #.#.<...#
#)# ###..55#### ##g#
#......# #.ยง# #.####.#
#g## #......# #...
######## ####


You could see 2 gnolls.

Vanquished Creatures
  Natasha (thrice) (D:2)
  A gnoll (D:2)
  2 adders (D:2)
  A dart slug (D:1)
  2 leopard geckos
  A ball python (D:1)
  3 giant cockroaches
  6 goblins
  7 hobgoblins
  4 jackals (D:1)
  A quokka (D:2)
  3 bats
  7 frilled lizards
  3 kobolds
  8 rats
52 creatures vanquished.

Notes
Turn   | Place    | Note
-------+----------+-------------------------------------------
     0 | D:1      | G3Kappa the Hill Orc Monk began the quest for the Orb.
     0 | D:1      | Reached XP level 1. HP: 19/19 MP: 1/1
   106 | D:1      | Reached skill level 4 in Fighting
   218 | D:1      | Reached XP level 2. HP: 27/27 MP: 2/2
   768 | D:1      | Reached XP level 3. HP: 35/35 MP: 3/3
   824 | D:1      | Reached skill level 5 in Fighting
  1340 | D:2      | Found a bloodstained altar of Trog.
  1632 | D:2      | Noticed Natasha
  1645 | D:2      | Killed Natasha
  1645 | D:2      | Reached skill level 6 in Fighting
  1645 | D:2      | Reached XP level 4. HP: 23/44 MP: 4/4
  2392 | D:2      | Noticed Natasha
  2407 | D:2      | Killed Natasha
  2407 | D:2      | Reached XP level 5. HP: 16/51 MP: 5/5
  2730 | D:2      | Noticed Natasha
  2794 | D:2      | Killed Natasha
  2794 | D:2      | Reached skill level 7 in Fighting
  2805 | D:2      | Slain by a gnoll

Vault maps used:
D:1:      dpeg_arrival_pond
D:2:      bloody_trog, first_ration, uniq_natasha

Skill      XL: |  1  2  3  4  5 |
---------------+----------------+-----
Fighting       | 4 6 7 |  7.1
Polearms       | |  3.2
Dodging        | |  2.4
Stealth        | |  1.5

Action                   |  1- 3 |  4- 6 || total
-------------------------+-------+-------++-------
Melee: Spear             |   154 |    76 ||   230
  Use: Scroll            |     3 |     2 ||     5
 Stab: Sleeping          |     3 |       ||     3
  Eat: Chunk             |     2 |     4 ||     6
Armor: Robe              |    10 |       ||    10
       Leather armour    |    10 |    12 ||    22
Dodge: Dodged            |    87 |    50 ||   137

Table legend:
 A = Non-vault XP
 B = Vault XP
 C = Vault XP percentage of total XP
 D = Non-vault monster count
 E = Vault monster count
 F = Vault count percentage of total count
                 A         B        C        D         E       F
            +---------+---------+-------+---------+---------+-------
      Total |     190 |      35 |  15.6 |      51 |       1 |   1.9
            +---------+---------+-------+---------+---------+-------
        D:1 |      44 |       0 |   0.0 |      25 |       0 |   0.0
        D:2 |     146 |      35 |  19.3 |      26 |       1 |   3.7
            +---------+---------+-------+---------+---------+-------
